 Dungeon Crawl Stone Soup version 0.29.1-12-g30fa7ad0bf (webtiles) character file.

Game seed: 4874844098205650484

128 FexLirch the Conjurer (level 5, -24/31 HPs)
             Began as an Octopode Conjurer on Dec 16, 2022.
             Engulfed by a cloud of flame (27 damage)
             ... on level 3 of the Dungeon.
             The game lasted 00:05:26 (3071 turns).

FexLirch the Conjurer (Octopode Conjurer)           Turns: 3071, Time: 00:05:28

Health: -24/31     AC:  2    Str:  6    XL:     5   Next: 12%
Magic:  8/8        EV: 13    Int: 23    God:
Gold:   190        SH:  0    Dex: 10    Spells: 2/8 levels left

rFire   . . .      SeeInvis .   e - staff of conjuration
rCold   . . .      Faith    .   (no shield)
rNeg    . . .      Spirit   .   k - +1 hat
rPois   .          Reflect  .   (no amulet)
rElec   .          Harm     .   (no ring)
rCorr   .          Rampage  .   (no ring)
Will    .....                   (no ring)
Stlth   +++.......              (no ring)
HPRegen 0.10/turn               (no ring)
MPRegen 0.11/turn               (no ring)
                                (no ring)
                                (no ring)

@: no status effects
A: almost no armour, amphibious, 8 rings, camouflage 1, gelatinous body 1,
(nimble swimmer 1), tentacles
a: no special abilities


You were on level 3 of the Dungeon.
You visited 1 branch of the dungeon, and saw 4 of its levels.

You collected 190 gold pieces.

Inventory:

Hand Weapons
 c - a +0 mace of protection
 d - a +0 dagger
Armour
 k - a +1 hat (worn)
Magical Staves
 e - a staff of conjuration (weapon)
Scrolls
 b - a scroll of immolation
Potions
 a - 3 potions of magic
 f - 3 potions of attraction
 g - a potion of resistance {unknown}
 h - a potion of ambrosia {unknown}
 i - a potion of haste {unknown}
 j - a potion of flight {unknown}
 l - 2 potions of degeneration {unknown}
 m - a potion of lignification {unknown}
 n - 2 potions of heal wounds {unknown}


   Skills:
 - Level 2.0 Dodging
 - Level 2.6 Stealth
 - Level 2.0 Spellcasting
 * Level 5.7 Conjurations
 + Level 1.3 Air Magic
 + Level 1.6 Poison Magic


You had 2 spell levels left.
You knew the following spells:

 Your Spells              Type           Power      Damage    Failure   Level
a - Magic Dart            Conj           100%       1d8       1%          1
b - Searing Ray           Conj           86%        2d7       1%          2
c - Mephitic Cloud        Conj/Pois/Air  23%        N/A       12%         3

Your spell library contained the following spells:

 Spells                   Type           Power      Damage    Failure   Level
 Call Imp                 Summ           2%         N/A       19%         2
 Dazzling Flash           Conj/Hex       46%        N/A       12%         3
 Fulminant Prism          Conj/Hex       11%        3d9       36%         4
 Iskenderun's Mystic Bla  Conj/Tloc      23%        2d6       36%         4
 Silence                  Hex/Air        2%         N/A       95%         5
 Agony                    Necr           2%         N/A       98%         5


Dungeon Overview and Level Annotations

Branches:
Dungeon (4/15)
 Temple: D:4-7

Altars:
Yredelemnul
The Shining One

Shops:
D:1 (


Innate Abilities, Weirdness & Mutations

You cannot wear most types of armour.
You are amphibious.
You can wear up to eight rings at the same time.
Your skin changes colour to match your surroundings (Stealth+).
Your rubbery body absorbs attacks. (AC +1, EV +1)
((You are camouflaged when in or above water. (Stealth+)))
You have tentacles for arms and can constrict up to eight enemies at once.


Message History

There is a stone staircase leading up here.
You open the door.
Found 6 stones.
You open the door.
There is an open door here.
A hobgoblin comes into view.
A hobgoblin is nearby!
You feel a surge of power!
The magic dart hits the hobgoblin.
You kill the hobgoblin!
You can't see any susceptible monsters within range! (Use Z to cast anyway.) Magic restored.
A goblin comes into view. It is wielding a +0 dagger.
The goblin shouts!
The goblin moves out of view.
You can't see any susceptible monsters within range! (Use Z to cast anyway.)
A goblin is nearby!
You barely miss the goblin. Your grab misses the goblin.
The goblin hits you but does no damage.
You miss the goblin. You grab the goblin. You squeeze the goblin.
You kill the goblin!
Things that are here:
a +0 dagger; a goblin corpse
Found a condenser vane.
Found a scroll labelled OSTEQI CAQYPP.
Really wriggle into a travel-excluded area? [Y]es or [N]o only, please.
Really wriggle into a travel-excluded area?
Okay, then.
Unknown command.
Unknown command.
Really wriggle into a travel-excluded area?
Found 7 gold pieces and a hand axe.
Really wriggle into that cloud of flame?
You are engulfed in blazing flames.
Ouch! That really hurt!
* * * LOW HITPOINT WARNING * * *
n - 2 sedimented green potions (gained 1)
You are engulfed in blazing flames.
Ouch! That really hurt!
You die...

#.......#####.....###
..................+..
#.#####)##........##.
#....+.........'.
#####.#.##.......###.
#.....#.##.........'.
#.##..#.##.....(####.
#...#####.....# #.
#☼@°# #.....# #.
#§§○# #.....####.
#○§☼# ###+###....
#...# #.... .}$..
#.... §...?.§ #....
☼..$).☼ #....
###...### #####


There were no monsters in sight!

Vanquished Creatures
  An orc wizard (D:3)
  2 adders (D:2)
  2 worms (D:2)
  5 dart slugs
  6 orcs
  2 ball pythons (D:1)
  6 bats
  5 endoplasms
  3 giant cockroaches
  6 goblins
  7 hobgoblins
  4 kobolds
  2 quokkas
  4 frilled lizards
  5 rats
60 creatures vanquished.

Notes
Turn   | Place    | Note
-------+----------+-------------------------------------------
     0 | D:1      | FexLirch the Octopode Conjurer began the quest for the Orb.
     0 | D:1      | Reached XP level 1. HP: 11/11 MP: 3/3
     3 | D:1      | Noticed an electric eel
   142 | D:1      | Found Nucaac's Weapon Shop.
   165 | D:1      | Reached XP level 2. HP: 7/17 MP: 1/5
   437 | D:1      | Learned a level 2 spell: Searing Ray
   717 | D:1      | Reached XP level 3. HP: 21/21 MP: 4/6
   932 | D:1      | Reached skill level 5 in Conjurations
  1285 | D:2      | You fall into a shaft and drop 2 floors!
  1288 | D:4      | Noticed an ogre
  1306 | D:4      | Noticed a scorpion
  1340 | D:4      | Learned a level 3 spell: Mephitic Cloud
  1346 | D:4      | Noticed a necrophage
  1364 | D:3      | Identified a scroll of acquirement
  1365 | D:3      | Acquired a staff of conjuration
  1520 | D:3      | Found a basalt altar of Yredelemnul.
  1522 | D:3      | Noticed a profane servitor
  1579 | D:3      | Found a glowing golden altar of the Shining One.
  1581 | D:3      | Noticed an angel
  1657 | D:3      | Found a faded altar of an unknown god.
  1845 | D:3      | Reached skill level 1 in Poison Magic
  1845 | D:3      | Reached XP level 4. HP: 6/27 MP: 0/7
  2205 | D:2      | Reached skill level 1 in Air Magic
  2271 | D:2      | Found a glowing golden altar of the Shining One.
  2741 | D:2      | Reached XP level 5. HP: 31/31 MP: 3/8
  3071 | D:3      | Engulfed by a cloud of flame

Illustrated notes

Levels and vault maps discovered:
D:1:      arrival_aquarium_a, layout_loops_ring, serial_shops, shop,
          chequers_serial_rivers_micro_d
D:2:      layout_loops_cross, basic_altar
D:3:      layout_basic, grunt_temple_overflow_holy_war,
          shapermc_ecumenical_altar_pompeii, lemuel_flame_loot_1
D:4:      minmay_general_purpose_star, layout_loops_ring, kennysheep_mini,
          lemuel_tele_altar, nzn_overflow_gifts_of_might_and_magic

Skill      XL: |  1  2  3  4 |
---------------+-------------+-----
Conjurations   | 5 |  5.7
Poison Magic   | 1 |  1.6
Air Magic      | 1 |  1.3
Dodging        | |  2.0
Stealth        | |  2.6
Spellcasting   | |  2.0

Action                   |  1- 3 |  4- 6 || total
-------------------------+-------+-------++-------
Melee: Dagger            |    35 |       ||    35
       Constrict         |     5 |     3 ||     8
       Tentacles         |     7 |     2 ||     9
       Staff             |     5 |    13 ||    18
 Cast: Magic Dart        |    52 |    33 ||    85
       Searing Ray       |     1 |     1 ||     2
  Use: Scroll            |     4 |       ||     4
 Stab: Sleeping          |       |     2 ||     2
Armor: Skin              |     4 |     1 ||     5
Dodge: Dodged            |    30 |     6 ||    36
